TOP OF THE 1ST |
Missoula Osprey batting - Pitching for Johnson City Cardinals : RHP Norietsu Higashi
|
Pitching: RHP Norietsu Higashi
|
|
Batting: RHB Orlando Florez
|
0-0: Ball 1-0: Called Strike 1-1: Ground out 6-3 (Groundball, 6, EV 82.5 MPH)
|
Batting: RHB Edwin Romero
|
0-0: Ball 1-0: Swinging Strike 1-1: Swinging Strike 1-2: Strikes out swinging
|
Batting: SHB Ed Vargas
|
0-0: Ball 1-0: Ball 2-0: Called Strike 2-1: Ground out 5-3 (Groundball, 56, EV 88.8 MPH)
|
Top of the 1st over - 0 runs, 0 hits, 0 errors, 0 left on base; Missoula 0 - Johnson City 0 |
BOTTOM OF THE 1ST |
Johnson City Cardinals batting - Pitching for Missoula Osprey : RHP Tom Moore
|
Pitching: RHP Tom Moore
|
|
Batting: RHB Nick Latulippe
|
0-0: Ball 1-0: Called Strike 1-1: Ball 2-1: Swinging Strike 2-2: Ball 3-2: Fly out, F9 (Flyball, 89D, EV 90.6 MPH)
|
Batting: RHB Robby Hickman
|
0-0: Ball 1-0: Ball 2-0: Ball 3-0: Base on Balls
|
Batting: SHB Justin Towry
|
0-0: Called Strike 0-1: Fly out, F6 (Line Drive, 6, EV 68.1 MPH)
|
Batting: RHB Kyle Burns
|
0-0: Called Strike 0-1: Ball 1-1: Called Strike 1-2: SINGLE (Line Drive, 8RS, EV 92.5 MPH) Robby Hickman to second
|
Batting: RHB Geoff Musico
|
0-0: Called Strike 0-1: Ball 1-1: Called Strike 1-2: Strikes out swinging
|
Bottom of the 1st over - 0 runs, 1 hit, 0 errors, 2 left on base; Missoula 0 - Johnson City 0 |
TOP OF THE 2ND |
Missoula Osprey batting - Pitching for Johnson City Cardinals : RHP Norietsu Higashi
|
Batting: RHB Mike Swift
|
0-0: Foul Ball, location: 2F 0-1: Fly out, F3 (Popup, 3S, EV 86.9 MPH)
|
Batting: LHB Josh Thomas
|
0-0: Ball 1-0: Called Strike 1-1: Ball 2-1: Fly out, F8 (Flyball, 8RXD, EV 101.2 MPH)
|
Batting: RHB Daniel Rivera
|
0-0: SOLO HOME RUN (Flyball, 7LD, EV 98.8 MPH), Distance : 355 ft
|
Batting: SHB Ethan Newby
|
0-0: Fly out, F9 (Line Drive, 9, EV 92.5 MPH)
|
Top of the 2nd over - 1 run, 1 hit, 0 errors, 0 left on base; Missoula 1 - Johnson City 0 |
BOTTOM OF THE 2ND |
Johnson City Cardinals batting - Pitching for Missoula Osprey : RHP Tom Moore
|
Batting: RHB Adam Hudson
|
0-0: Called Strike 0-1: Ball 1-1: Ball 2-1: Foul Ball, location: 2F 2-2: Ball 3-2: Ground out 4-3 (Groundball, 4M, EV 103.8 MPH)
|
Batting: RHB Alex Melgoza
|
0-0: Ball 1-0: Called Strike 1-1: Foul Ball, location: 2F 1-2: Ball 2-2: Foul Ball, location: 2F 2-2: Strikes out looking
|
Batting: RHB Edgar Klockow
|
0-0: Ball 1-0: Foul Ball, location: 2F 1-1: Ground out 5-3 (Groundball, 56, EV 109.4 MPH)
|
Bottom of the 2nd over - 0 runs, 0 hits, 0 errors, 0 left on base; Missoula 1 - Johnson City 0 |
TOP OF THE 3RD |
Missoula Osprey batting - Pitching for Johnson City Cardinals : RHP Norietsu Higashi
|
Batting: RHB Zach Espinosa
|
0-0: Foul Ball, location: 2F 0-1: Ball 1-1: Ground out 4-3 (Groundball, 4M, EV 78.1 MPH)
|
Batting: RHB Matt Bailey
|
0-0: Ball 1-0: SOLO HOME RUN (Line Drive, 7D, EV 102.5 MPH), Distance : 395 ft
|
Batting: RHB Orlando Florez
|
0-0: Called Strike 0-1: Ball 1-1: Called Strike 1-2: Foul Ball, location: 2F 1-2: Ground out 4-3 (Groundball, 4, EV 86.9 MPH)
|
Batting: RHB Edwin Romero
|
0-0: Ball 1-0: SINGLE (Line Drive, 6MD, EV 97.5 MPH)
|
Batting: SHB Ed Vargas
|
0-0: Called Strike Edwin Romero is caught stealing 2nd base 2-6
|
Top of the 3rd over - 1 run, 2 hits, 0 errors, 0 left on base; Missoula 2 - Johnson City 0 |
BOTTOM OF THE 3RD |
Johnson City Cardinals batting - Pitching for Missoula Osprey : RHP Tom Moore
|
Batting: LHB Hylnur Albertsson
|
0-0: Ball 1-0: Ball 2-0: Bunt missed! 2-1: Foul Ball, location: 2F 2-2: Ball 3-2: Fly out, F7 (Flyball, 78D, EV 102.5 MPH)
|
Batting: RHB Nick Latulippe
|
0-0: Ball 1-0: Ball 2-0: Ball 3-0: Called Strike 3-1: Base on Balls
|
Batting: RHB Robby Hickman
|
0-0: Ball Nick Latulippe is caught stealing 2nd base 2-4 1-0: Foul Ball, location: 2F 1-1: Foul Ball, location: 2F 1-2: Foul Ball, location: 2F 1-2: Foul Ball, location: 2F 1-2: Ball 2-2: Foul Ball, location: 2F 2-2: Ball 3-2: Foul Ball, location: 2F 3-2: Fly out, F7 (Flyball, 7, EV 76.2 MPH)
|
Bottom of the 3rd over - 0 runs, 0 hits, 0 errors, 0 left on base; Missoula 2 - Johnson City 0 |
TOP OF THE 4TH |
Missoula Osprey batting - Pitching for Johnson City Cardinals : RHP Norietsu Higashi
|
Batting: SHB Ed Vargas
|
0-0: Called Strike 0-1: Foul Ball, location: 2F 0-2: Strikes out looking
|
Batting: RHB Mike Swift
|
0-0: Ball 1-0: Ball 2-0: Called Strike 2-1: Ball 3-1: Base on Balls
|
Batting: LHB Josh Thomas
|
0-0: Ball 1-0: Called Strike 1-1: Ball 2-1: Fielders Choice at 2nd, 3-6 (Groundball, 3, EV 81.9 MPH)
|
Batting: RHB Daniel Rivera
|
0-0: Ball 1-0: Ball 2-0: DOUBLE (Line Drive, 9LM, EV 103.8 MPH) Josh Thomas to third
|
Batting: SHB Ethan Newby
|
0-0: Foul Ball, location: 2F 0-1: Foul Ball, location: 2F 0-2: Fly out, F4 (Line Drive, 34, EV 65.6 MPH)
|
Top of the 4th over - 0 runs, 1 hit, 0 errors, 2 left on base; Missoula 2 - Johnson City 0 |
BOTTOM OF THE 4TH |
Johnson City Cardinals batting - Pitching for Missoula Osprey : RHP Tom Moore
|
Pitching: RHP Victor Cisneros
|
|
Batting: SHB Justin Towry
|
0-0: Ball 1-0: Foul Ball, location: 2F 1-1: Ball 2-1: Ball 3-1: Base on Balls
|
Batting: RHB Kyle Burns
|
0-0: Called Strike 0-1: Ball 1-1: Called Strike 1-2: Ball Justin Towry steals 2nd base 2-2: Ball 3-2: Base on Balls
|
Batting: RHB Geoff Musico
|
0-0: Foul Ball, location: 2F 0-1: Swinging Strike 0-2: Ball 1-2: Ball 2-2: Ball 3-2: Strikes out swinging
|
Batting: RHB Adam Hudson
|
0-0: Called Strike 0-1: Fielders Choice at 2nd, 3-6 (Groundball, 3, EV 105.6 MPH) Justin Towry to third
|
Batting: RHB Alex Melgoza
|
0-0: Ball 1-0: Ball 2-0: Foul Ball, location: 2F 2-1: Swinging Strike 2-2: Ball 3-2: Base on Balls Adam Hudson to second
|
Batting: RHB Edgar Klockow
|
0-0: Fielders Choice at 2nd, 6-4 (Groundball, 6, EV 110.6 MPH)
|
Bottom of the 4th over - 0 runs, 0 hits, 0 errors, 3 left on base; Missoula 2 - Johnson City 0 |
TOP OF THE 5TH |
Missoula Osprey batting - Pitching for Johnson City Cardinals : RHP Norietsu Higashi
|
Batting: RHB Zach Espinosa
|
0-0: Called Strike 0-1: Ball 1-1: Foul Ball, location: 2F 1-2: Ball 2-2: Ground out 5-3 (Groundball, 56S, EV 91.9 MPH)
|
Batting: RHB Matt Bailey
|
0-0: Ground out 6-3 (Groundball, 6, EV 91.2 MPH)
|
Batting: RHB Orlando Florez
|
0-0: Called Strike 0-1: Foul Ball, location: 2F 0-2: Ball 1-2: Ground out 6-3 (Groundball, 6, EV 82.5 MPH)
|
Top of the 5th over - 0 runs, 0 hits, 0 errors, 0 left on base; Missoula 2 - Johnson City 0 |
BOTTOM OF THE 5TH |
Johnson City Cardinals batting - Pitching for Missoula Osprey : RHP Victor Cisneros
|
Batting: LHB Hylnur Albertsson
|
0-0: Fly out, F8 (Flyball, 8LD, EV 99.4 MPH)
|
Batting: RHB Nick Latulippe
|
0-0: Called Strike 0-1: Foul Ball, location: 2F 0-2: Strikes out swinging
|
Batting: RHB Robby Hickman
|
0-0: Ball 1-0: Ball 2-0: Called Strike 2-1: Foul Ball, location: 2F 2-2: Ball 3-2: Reached on error, E5 (Groundball, 56S, EV 86.9 MPH)
|
Batting: SHB Justin Towry
|
0-0: Ball 1-0: Foul Ball, location: 2F 1-1: Ball 2-1: Foul Ball, location: 2F 2-2: Ball 3-2: SINGLE (Groundball, 23, EV 71.9 MPH) (infield hit) Robby Hickman to third
|
Batting: RHB Kyle Burns
|
0-0: Ball 1-0: Foul Ball, location: 2F 1-1: Ball 2-1: Ball 3-1: Fly out, F9 (Flyball, 89M, EV 91.9 MPH)
|
Bottom of the 5th over - 0 runs, 1 hit, 1 error, 2 left on base; Missoula 2 - Johnson City 0 |
TOP OF THE 6TH |
Missoula Osprey batting - Pitching for Johnson City Cardinals : RHP Norietsu Higashi
|
Batting: RHB Edwin Romero
|
0-0: Ground out 5-3 (Groundball, 56S, EV 66.9 MPH)
|
Batting: SHB Ed Vargas
|
0-0: Ball 1-0: Ball 2-0: Ball 3-0: Base on Balls
|
Batting: RHB Mike Swift
|
0-0: Ball 1-0: Swinging Strike 1-1: Ball 2-1: Foul Ball, location: 2F 2-2: Strikes out swinging
|
Batting: LHB Josh Thomas
|
0-0: Swinging Strike 0-1: Ball 1-1: Ball 2-1: Ball 3-1: Fielders Choice at 2nd, U6 (Groundball, 4M, EV 80.6 MPH)
|
Top of the 6th over - 0 runs, 0 hits, 0 errors, 1 left on base; Missoula 2 - Johnson City 0 |
BOTTOM OF THE 6TH |
Johnson City Cardinals batting - Pitching for Missoula Osprey : RHP Victor Cisneros
|
Pitching: RHP John Meyer
|
|
Batting: RHB Geoff Musico
|
0-0: Ball 1-0: Ball 2-0: Ground out 6-3 (Groundball, 6, EV 101.2 MPH)
|
Batting: RHB Adam Hudson
|
0-0: Foul Ball, location: 2F 0-1: Ball 1-1: Ground out 6-3 (Groundball, 56, EV 103.8 MPH)
|
Batting: RHB Alex Melgoza
|
0-0: Ball 1-0: Foul Ball, location: 2F 1-1: Fly out, F8 (Line Drive, 8LD, EV 87.5 MPH)
|
Bottom of the 6th over - 0 runs, 0 hits, 0 errors, 0 left on base; Missoula 2 - Johnson City 0 |
TOP OF THE 7TH |
Missoula Osprey batting - Pitching for Johnson City Cardinals : RHP Norietsu Higashi
|
Pitching: RHP Daniel Boulter
|
|
Batting: RHB Daniel Rivera
|
0-0: Ball 1-0: Ball 2-0: Called Strike 2-1: Ball 3-1: Base on Balls
|
Batting: SHB Ethan Newby
|
0-0: Called Strike Pickoff Throw to First - Out! 1-3 CS 0-1: Called Strike 0-2: Strikes out swinging
|
Batting: RHB Zach Espinosa
|
0-0: Ball 1-0: Ball 2-0: Ball 3-0: Called Strike 3-1: Base on Balls
|
Batting: RHB Matt Bailey
|
0-0: Ball Wild Pitch! Zach Espinosa to second 1-0: Called Strike 1-1: Swinging Strike 1-2: Ball 2-2: Foul Ball, location: 2F 2-2: Foul Ball, location: 2F 2-2: Ground out 6-3 (Groundball, 6, EV 103.1 MPH)
|
Top of the 7th over - 0 runs, 0 hits, 0 errors, 1 left on base; Missoula 2 - Johnson City 0 |
BOTTOM OF THE 7TH |
Johnson City Cardinals batting - Pitching for Missoula Osprey : RHP John Meyer
|
Batting: RHB Edgar Klockow
|
0-0: Called Strike 0-1: Foul Ball, location: 2F 0-2: Foul Ball, location: 2F 0-2: Ball 1-2: Foul Ball, location: 2F 1-2: Foul Ball, location: 2F 1-2: Ball 2-2: SINGLE (Line Drive, 9LS, EV 100.6 MPH)
|
Batting: LHB Hylnur Albertsson
|
0-0: Ball Edgar Klockow is caught stealing 2nd base 2-6 1-0: Called Strike 1-1: Ball 2-1: Ground out 3-1 (Groundball, 34, EV 100.0 MPH)
|
Batting: RHB Nick Latulippe
|
0-0: Foul Ball, location: 2F 0-1: Ball 1-1: Swinging Strike 1-2: Ball 2-2: SINGLE (Groundball, 6MS, EV 68.8 MPH) (infield hit)
|
Batting: RHB Robby Hickman
|
0-0: Ball 1-0: Ball 2-0: Called Strike 2-1: Ground out 6-3 (Groundball, 6M, EV 107.5 MPH)
|
Bottom of the 7th over - 0 runs, 2 hits, 0 errors, 1 left on base; Missoula 2 - Johnson City 0 |
TOP OF THE 8TH |
Missoula Osprey batting - Pitching for Johnson City Cardinals : RHP Daniel Boulter
|
Batting: RHB Orlando Florez
|
0-0: Called Strike 0-1: Foul Ball, location: 2F 0-2: Foul Ball, location: 2F 0-2: Foul Ball, location: 2F 0-2: Ball 1-2: Fly out, F9 (Flyball, 9D, EV 96.2 MPH)
|
Batting: RHB Edwin Romero
|
0-0: Foul Ball, location: 2F 0-1: Ball 1-1: Foul Ball, location: 2F 1-2: Strikes out swinging
|
Batting: SHB Ed Vargas
|
0-0: Ball 1-0: Foul Ball, location: 2F 1-1: Foul Ball, location: 2F 1-2: Ball 2-2: Ball 3-2: Foul Ball, location: 2F 3-2: Strikes out looking
|
Top of the 8th over - 0 runs, 0 hits, 0 errors, 0 left on base; Missoula 2 - Johnson City 0 |
BOTTOM OF THE 8TH |
Johnson City Cardinals batting - Pitching for Missoula Osprey : RHP John Meyer
|
Pitching: RHP Ramiz JambakurIan
|
|
Batting: SHB Justin Towry
|
0-0: Ball 1-0: Called Strike 1-1: Ball 2-1: Ball 3-1: Fly out, F9 (Flyball, 9S, EV 88.1 MPH)
|
Batting: RHB Kyle Burns
|
0-0: Called Strike 0-1: Swinging Strike 0-2: Ball 1-2: Foul Ball, location: 2F 1-2: SINGLE (Line Drive, 89M, EV 98.8 MPH)
|
Batting: RHB Geoff Musico
|
0-0: Foul Ball, location: 2F 0-1: Ball 1-1: Grounds into double play, 5-4-3 (Groundball, 5, EV 89.4 MPH)
|
Bottom of the 8th over - 0 runs, 1 hit, 0 errors, 0 left on base; Missoula 2 - Johnson City 0 |
TOP OF THE 9TH |
Missoula Osprey batting - Pitching for Johnson City Cardinals : RHP Daniel Boulter
|
Pitching: RHP Francisco Galindo
|
|
Batting: RHB Mike Swift
|
0-0: Called Strike 0-1: Ball 1-1: Swinging Strike 1-2: Strikes out looking
|
Batting: LHB Josh Thomas
|
0-0: Swinging Strike 0-1: Swinging Strike 0-2: Strikes out swinging
|
Batting: RHB Daniel Rivera
|
0-0: Ball 1-0: DOUBLE (Line Drive, 78D, EV 103.1 MPH)
|
Batting: SHB Ethan Newby
|
0-0: Foul Ball, location: 2F 0-1: Ground out 4-3 (Groundball, 4, EV 81.9 MPH)
|
Top of the 9th over - 0 runs, 1 hit, 0 errors, 1 left on base; Missoula 2 - Johnson City 0 |
BOTTOM OF THE 9TH |
Johnson City Cardinals batting - Pitching for Missoula Osprey : RHP Ramiz JambakurIan
|
Pitching: LHP Josh Hubbard
|
|
Batting: RHB Adam Hudson
|
0-0: Called Strike 0-1: DOUBLE (Flyball, 8RXD, EV 98.1 MPH)
|
Batting: RHB Alex Melgoza
|
0-0: Ball 1-0: Called Strike 1-1: Called Strike 1-2: Ball 2-2: Strikes out swinging
|
Batting: RHB Edgar Klockow
|
0-0: Foul Ball, location: 2F 0-1: Foul Ball, location: 2F 0-2: Ball 1-2: Strikes out swinging
|
Batting: LHB Hylnur Albertsson
|
0-0: Called Strike 0-1: Ball 1-1: Swinging Strike 1-2: Foul Ball, location: 2F 1-2: Ball 2-2: Ball Wild Pitch! Adam Hudson to third 3-2: Strikes out swinging
|
Bottom of the 9th over - 0 runs, 1 hit, 0 errors, 1 left on base; Missoula 2 - Johnson City 0 |
|